 Dungeon Crawl Stone Soup version 0.23-a0-767-gdc19b93d68 (webtiles) character file.

181 Infinimo the Grave Robber (level 5, -6/35 HPs)
             Began as a Mummy Necromancer on Jan 28, 2019.
             Killed from afar by an orc wizard (9 damage)
             ... with a magic dart
             ... on level 4 of the Dungeon.
             The game lasted 00:03:21 (2596 turns).

Infinimo the Grave Robber (Mummy Necromancer)       Turns: 2596, Time: 00:03:22

Health: -6/35      AC:  2    Str: 11    XL:     5   Next: 34%
Magic:  3/11       EV: 12    Int: 15    God:
Gold:   155        SH:  0    Dex: 13    Spells: 4/12 levels left

rFire    x . .     SeeInvis .   d - +0 dagger
rCold    + . .     Gourm    .   (no shield)
rNeg     + + +     Faith    .   a - +0 robe
rPois    ∞         Spirit   .   (no helmet)
rElec    .         Reflect  .   (no cloak)
rCorr    .         Harm     .   (no gloves)
MR       .....                  (no boots)
Stlth    ++........             (no amulet)
HPRegen  0.11/turn              (no ring)
MPRegen  0.12/turn              (no ring)

@: no status effects
A: no food or potions, fire vulnerability, cold resistance 1, negative energy
resistance 3, torment resistance, unbreathing
a: no special abilities


You were on level 4 of the Dungeon.
You were not hungry.

You visited 1 branch of the dungeon, and saw 4 of its levels.

You collected 155 gold pieces.

Inventory:

Hand Weapons
 d - a +0 dagger (weapon)
Armour
 a - a +0 robe (worn)
Scrolls
 b - 3 scrolls of remove curse {unknown}
 c - 2 scrolls of teleportation {unknown}
 e - 2 scrolls of identify {unknown}
 f - a scroll of enchant armour {unknown}
 g - a scroll of blinking {unknown}


   Skills:
 - Level 1.5 Dodging
 - Level 1.5 Stealth
 - Level 4.2 Spellcasting
 * Level 6.0 Necromancy


You had 4 spell levels left.
You knew the following spells:

 Your Spells              Type           Power        Failure   Level  Hunger
a - Pain                  Necr           ###.         1%          1    N/A
b - Vampiric Draining     Necr           ###.......   4%          3    N/A
c - Animate Dead          Necr           N/A          14%         4    N/A

Your spell library contained the following spells:

 Spells                   Type           Power        Failure   Level  Hunger
 Animate Skeleton         Necr           N/A          1%          1    N/A
 Regeneration             Chrm/Necr      Unusable     N/A         3    N/A

Dungeon Overview and Level Annotations

Branches:
Dungeon (4/15)
 Temple: D:4-7

Altars:
Ashenzari
Gozag


Innate Abilities, Weirdness & Mutations

You do not eat or drink.
Your flesh is vulnerable to fire.
You are immune to poison.
Your flesh is cold resistant. (rC+)
You are immune to negative energy. (rN+++)
You are immune to unholy pain and torment.
You can survive without breathing.


Message History

The jackal is almost dead.
The jackal bites you.
The jackal is almost dead.
The orc hits you with a +0 falchion.
* * * LOW HITPOINT WARNING * * *
You kill the jackal!
The orc is heavily wounded.
The orc hits you with a +0 falchion.
* * * LOW HITPOINT WARNING * * *
The orc is heavily wounded.
You kill the orc!
Something hits you.
* * * LOW HITPOINT WARNING * * *
You hear some strange, mumbled words.
Something tries to affect you, but you resist.
Things that are here:
a +0 falchion; an orc corpse A magic dart appears from out of thin air!
The magic dart hits you!
You die...

#..##.#.# # #.......# #
##.##.### # #####.##.# #
.........# # ######.#..#
# ..........# #
############....########
.......@...............)
##############..########
####


There were no monsters in sight!

Vanquished Creatures
  A scorpion (D:3)
  A worker ant (D:4)
  4 adders (D:2)
  A worm (D:3)
  2 dart slugs (D:1)
  2 leopard geckos (D:1)
  3 orcs
  6 giant cockroaches
  9 goblins
  4 hobgoblins
  4 jackals (D:4)
  2 quokkas (D:2)
  11 bats
  3 frilled lizards
  6 kobolds
  4 rats
63 creatures vanquished.

Notes
Turn   | Place    | Note
-------+----------+-------------------------------------------
     0 | D:1      | Infinimo the Mummy Necromancer began the quest for the Orb.
     0 | D:1      | Reached XP level 1. HP: 13/13 MP: 4/4
   269 | D:1      | Reached XP level 2. HP: 19/19 MP: 0/6
   739 | D:1      | Reached XP level 3. HP: 23/24 MP: 4/7
  1161 | D:2      | Reached skill level 5 in Necromancy
  1405 | D:2      | Reached XP level 4. HP: 27/30 MP: 1/9
  1476 | D:2      | Learned a level 3 spell: Vampiric Draining
  1481 | D:2      | Learned a level 4 spell: Animate Dead
  1590 | D:2      | Found a shattered altar of Ashenzari.
  2052 | D:3      | Reached XP level 5. HP: 35/35 MP: 4/11
  2428 | D:3      | Found an opulent altar of Gozag.
  2530 | D:4      | Reached skill level 6 in Necromancy
  2579 | D:4      | HP: 1/35 [something (3)]
  2596 | D:4      | Killed from afar by an orc wizard

Vault maps used:
D:1:      lemuel_arrival_tunnels
D:2:      ashenzari_altar_1
D:3:      marbit_many_paths, serial_park_tiny_2, grunt_ministairs_1
D:4:      first_ration, minmay_vboxes

Skill      XL: |  1  2  3  4  5 |
---------------+----------------+-----
Spellcasting   | 3 4 |  4.2
Necromancy     | 5 6 |  6.0
Dodging        | |  1.5
Stealth        | |  1.5

Action                   |  1- 3 |  4- 6 || total
-------------------------+-------+-------++-------
Melee: Unarmed           |     4 |       ||     4
       Dagger            |     2 |    10 ||    12
 Cast: Pain              |    73 |    60 ||   133
 Stab: Sleeping          |     1 |       ||     1
Armor: Robe              |    11 |    11 ||    22
Dodge: Dodged            |    14 |    41 ||    55

Table legend:
 A = Non-vault XP
 B = Vault XP
 C = Vault XP percentage of total XP
 D = Non-vault monster count
 E = Vault monster count
 F = Vault count percentage of total count
                 A         B        C        D         E       F
            +---------+---------+-------+---------+---------+-------
      Total |     248 |      11 |   4.2 |      59 |       4 |   6.3
            +---------+---------+-------+---------+---------+-------
        D:1 |      46 |       0 |   0.0 |      25 |       0 |   0.0
        D:2 |      81 |       0 |   0.0 |      22 |       0 |   0.0
        D:3 |      80 |       8 |   9.1 |       7 |       3 |  30.0
        D:4 |      41 |       3 |   6.8 |       5 |       1 |  16.7
            +---------+---------+-------+---------+---------+-------
